3AA
SAN ANTONIO BC @ ATLANTIC CITY SONICS
08/16/2024
 
TOP OF THE 1ST
San Antonio BC batting - Pitching for Atlantic City Sonics : RHP Riley Breckenridge
Pitching: RHP Riley Breckenridge
Batting: RHB Jesús Villalba 0-0: Ball
1-0: Bunt for hit - play at first, batter OUT! 1-3
Batting: RHB Alfredo Mojica 0-0: Swinging Strike
0-1: Ground out 6-3 (Groundball, 56)
Batting: RHB Ludovico Trezza 0-0: Ball
1-0: Ground out 1-3 (Groundball, 13)
Top of the 1st over - 0 run(s), 0 hit(s), 0 error(s), 0 left on base; San Antonio 0 - Atlantic City 0
BOTTOM OF THE 1ST
Atlantic City Sonics batting - Pitching for San Antonio BC : RHP Bryan Palmer
Pitching: RHP Bryan Palmer
Batting: RHB Arturo Maldonado 0-0: Called Strike
0-1: Ball
1-1: Ball
2-1: Foul Ball, location: 2F
2-2: Strikes out swinging
Batting: LHB José Cordero 0-0: SINGLE (Line Drive, 56D)
Batting: RHB Pedro Rivera 0-0: Foul Ball, location: 2F
0-1: Ball
1-1: Called Strike
1-2: Foul Ball, location: 2F
1-2: Ball
2-2: Strikes out looking
Batting: RHB John Schnatter 0-0: Ball
José Cordero steals 2nd base
1-0: Foul Ball, location: 2F
1-1: Ball
2-1: Foul Ball, location: 2F
2-2: Ball
3-2: Base on Balls
Batting: RHB Xavier Águila 0-0: SINGLE (Line Drive, 4MD)
José Cordero to third
John Schnatter to second
Runner from 3rd tries for Home, SAFE, no throw or cutoff
Batting: LHB Salvador Avilés 0-0: DOUBLE (Line Drive, 89M)
John Schnatter scores
Xavier Águila to third
Batting: RHB Brady Bess 0-0: Ball
1-0: Ball
2-0: Ball
3-0: Called Strike
3-1: Base on Balls
Batting: SHB David Snyder 0-0: Fly out, F7 (Line Drive, 78M)
Bottom of the 1st over - 2 run(s), 3 hit(s), 0 error(s), 3 left on base; San Antonio 0 - Atlantic City 2
TOP OF THE 2ND
San Antonio BC batting - Pitching for Atlantic City Sonics : RHP Riley Breckenridge
Batting: RHB Alfonso Bocanegra 0-0: Called Strike
0-1: DOUBLE (Line Drive, 8LXD)
Batting: RHB Carlos Vega 0-0: Called Strike
0-1: Ball
1-1: Ball
2-1: Foul Ball, location: 2F
2-2: Foul Ball, location: 2F
2-2: Ball
3-2: Ground out 6-3 (Groundball, 56)
Batting: RHB Daniel Drake 0-0: Ball
1-0: Ball
2-0: Fly out, F6 (Popup, 6MD)
Batting: LHB Miguel García 0-0: Called Strike
0-1: Foul Ball, location: 2F
0-2: Ball
1-2: Ball
2-2: SINGLE (Line Drive, 8RS)
Alfonso Bocanegra to third
Runner from 3rd tries for Home, SAFE, no throw or cutoff
Batting: RHB Jorge Miranda 0-0: Ball
1-0: Ball
2-0: Ball
3-0: Called Strike
3-1: Base on Balls
Miguel García to second
Batting: RHB Rodney Hanna 0-0: SINGLE (Line Drive, 4MD)
Miguel García to third
Jorge Miranda to second
Runner from 3rd tries for Home, SAFE, no throw or cutoff
Batting: RHB Jesús Villalba 0-0: Swinging Strike
0-1: Swinging Strike
0-2: Ball
1-2: Foul Ball, location: 2F
1-2: Ball
2-2: Ball
3-2: Strikes out looking
Top of the 2nd over - 2 run(s), 3 hit(s), 0 error(s), 2 left on base; San Antonio 2 - Atlantic City 2
BOTTOM OF THE 2ND
Atlantic City Sonics batting - Pitching for San Antonio BC : RHP Bryan Palmer
Batting: RHB Bob Ethridge 0-0: Fly out, F6 (Popup, 6D)
Batting: RHB Arturo Maldonado 0-0: Called Strike
0-1: Ball
1-1: Ball
2-1: SINGLE (Groundball, 56D)
Batting: LHB José Cordero 0-0: Ball
Arturo Maldonado is caught stealing 2nd base
1-0: Ground out 3-1 (Groundball, 34S)
Bottom of the 2nd over - 0 run(s), 1 hit(s), 0 error(s), 0 left on base; San Antonio 2 - Atlantic City 2
TOP OF THE 3RD
San Antonio BC batting - Pitching for Atlantic City Sonics : RHP Riley Breckenridge
Batting: RHB Alfredo Mojica 0-0: Foul Ball, location: 2F
0-1: Ball
1-1: Ball
2-1: SOLO HOME RUN (Flyball, 7D), Distance : 386 ft
Batting: RHB Ludovico Trezza 0-0: Foul Ball, location: 2F
0-1: Ball
1-1: Ground out 6-3 (Groundball, 56)
Batting: RHB Alfonso Bocanegra 0-0: Swinging Strike
0-1: Swinging Strike
0-2: Strikes out swinging
Batting: RHB Carlos Vega 0-0: Swinging Strike
0-1: Ground out 4-3 (Groundball, 4)
Top of the 3rd over - 1 run(s), 1 hit(s), 0 error(s), 0 left on base; San Antonio 3 - Atlantic City 2
BOTTOM OF THE 3RD
Atlantic City Sonics batting - Pitching for San Antonio BC : RHP Bryan Palmer
Batting: RHB Pedro Rivera 0-0: Ball
1-0: Foul Ball, location: 2F
1-1: Called Strike
1-2: Ball
2-2: Fly out, F5 (Line Drive, 56)
Batting: RHB John Schnatter 0-0: Ball
1-0: Swinging Strike
1-1: Ball
2-1: Called Strike
2-2: Strikes out swinging
Batting: RHB Xavier Águila 0-0: Ball
1-0: Swinging Strike
1-1: Foul Ball, location: 2F
1-2: SINGLE (Groundball, 6MD)
Batting: LHB Salvador Avilés 0-0: Swinging Strike
0-1: Ball
1-1: Ball
2-1: Swinging Strike
2-2: Strikes out looking
Bottom of the 3rd over - 0 run(s), 1 hit(s), 0 error(s), 1 left on base; San Antonio 3 - Atlantic City 2
TOP OF THE 4TH
San Antonio BC batting - Pitching for Atlantic City Sonics : RHP Riley Breckenridge
Batting: RHB Daniel Drake 0-0: Ball
1-0: Ball
2-0: SINGLE (Groundball, 6M)
Batting: LHB Miguel García 0-0: Called Strike
0-1: Ball
1-1: Ball
2-1: Ball
3-1: Base on Balls
Daniel Drake to second
Batting: RHB Jorge Miranda 0-0: Called Strike
0-1: Swinging Strike
0-2: Ball
1-2: Grounds into double play, 5-4-3 (Groundball, 56)
Daniel Drake to third
Batting: RHB Rodney Hanna 0-0: Ball
1-0: Ball
Wild Pitch!
Daniel Drake scores
2-0: Foul Ball, location: 2F
2-1: Foul Ball, location: 2F
2-2: Hit by Pitch
Batting: RHB Jesús Villalba 0-0: Ball
1-0: Called Strike
1-1: Ball
2-1: Ball
3-1: Foul Ball, location: 2F
3-2: Foul Ball, location: 2F
3-2: Ground out 1-3 (Groundball, 23)
Top of the 4th over - 1 run(s), 1 hit(s), 0 error(s), 1 left on base; San Antonio 4 - Atlantic City 2
BOTTOM OF THE 4TH
Atlantic City Sonics batting - Pitching for San Antonio BC : RHP Bryan Palmer
Batting: RHB Brady Bess 0-0: Ball
1-0: Ball
2-0: Ball
3-0: Base on Balls
Batting: SHB David Snyder 0-0: Ball
1-0: Ball
2-0: Swinging Strike
2-1: Ball
3-1: Called Strike
Single, Error in OF, E9, batter to second base
Brady Bess to third
Batting: RHB Bob Ethridge 0-0: Fly out, F7 (Flyball, 7D)
Runner from 3rd tags up, SCORES, no throw
David Snyder to third
Batting: RHB Arturo Maldonado 0-0: Ball
1-0: Ball
2-0: Foul Ball, location: 2F
2-1: Foul Ball, location: 2F
2-2: DOUBLE (Groundball, 5L)
David Snyder scores
Batting: LHB José Cordero 0-0: Ball
Arturo Maldonado steals 3rd base
1-0: Foul Ball, location: 2F
1-1: Foul Ball, location: 2F
1-2: Strikes out looking
Batting: RHB Pedro Rivera 0-0: Ball
1-0: Ball
2-0: Ball
3-0: Called Strike
3-1: Base on Balls
Batting: RHB John Schnatter 0-0: Ball
1-0: Fly out, F8 (Flyball, 8LD)
Bottom of the 4th over - 2 run(s), 2 hit(s), 1 error(s), 2 left on base; San Antonio 4 - Atlantic City 4
TOP OF THE 5TH
San Antonio BC batting - Pitching for Atlantic City Sonics : RHP Riley Breckenridge
Batting: RHB Alfredo Mojica 0-0: Called Strike
0-1: Ball
1-1: Called Strike
1-2: Foul Ball, location: 2F
1-2: Foul Ball, location: 2F
1-2: Ball
2-2: Reaches on Catchers interference
Batting: RHB Ludovico Trezza 0-0: Called Strike
0-1: Ball
1-1: Ball
2-1: Ball
3-1: Called Strike
3-2: Strikes out swinging
Batting: RHB Alfonso Bocanegra 0-0: Fly out, F6 (Line Drive, 6)
Batting: RHB Carlos Vega 0-0: Fly out, F9 (Flyball, 9M)
Top of the 5th over - 0 run(s), 0 hit(s), 1 error(s), 1 left on base; San Antonio 4 - Atlantic City 4
BOTTOM OF THE 5TH
Atlantic City Sonics batting - Pitching for San Antonio BC : RHP Bryan Palmer
Batting: RHB Xavier Águila 0-0: Swinging Strike
0-1: Called Strike
0-2: Ball
1-2: Strikes out swinging
Batting: LHB Salvador Avilés 0-0: Ball
1-0: Ball
2-0: Ball
3-0: Base on Balls
Batting: RHB Brady Bess 0-0: Called Strike
0-1: SINGLE (Flyball, 6MD)
Salvador Avilés to second
Batting: SHB David Snyder 0-0: Called Strike
0-1: Ball
1-1: Ball
2-1: Swinging Strike
2-2: Foul Ball, location: 2F
2-2: Ground out 5-3 (Groundball, 5)
Salvador Avilés to third
Brady Bess to second
Batting: RHB Bob Ethridge 0-0: Ball
1-0: Foul Ball, location: 2F
1-1: Ball
2-1: Fly out, F8 (Line Drive, 8RD)
Bottom of the 5th over - 0 run(s), 1 hit(s), 0 error(s), 2 left on base; San Antonio 4 - Atlantic City 4
TOP OF THE 6TH
San Antonio BC batting - Pitching for Atlantic City Sonics : RHP Riley Breckenridge
Batting: RHB Daniel Drake 0-0: Called Strike
0-1: Ball
1-1: Swinging Strike
1-2: Ball
2-2: Ball
3-2: Foul Ball, location: 2F
3-2: Strikes out swinging
Batting: LHB Miguel García 0-0: Called Strike
0-1: Foul Ball, location: 2F
0-2: Fly out, F9 (Flyball, 9M)
Batting: RHB Jorge Miranda 0-0: Called Strike
0-1: DOUBLE (Line Drive, 8RS)
Pitching: RHP Tony Newell
Batting: RHB Rodney Hanna 0-0: Ball
1-0: Called Strike
1-1: Foul Ball, location: 2F
1-2: Ball
2-2: Foul Ball, location: 2F
2-2: Ground out 6-3 (Groundball, 56)
Top of the 6th over - 0 run(s), 1 hit(s), 0 error(s), 1 left on base; San Antonio 4 - Atlantic City 4
BOTTOM OF THE 6TH
Atlantic City Sonics batting - Pitching for San Antonio BC : RHP Bryan Palmer
Batting: RHB Arturo Maldonado 0-0: Called Strike
0-1: Ball
1-1: Ball
2-1: Foul Ball, location: 2F
2-2: DOUBLE (Line Drive, 56D)
Batting: LHB José Cordero 0-0: Ball
1-0: Foul Ball, location: 2F
1-1: Foul Ball, location: 2F
1-2: Ball
2-2: Fly out, F8 (Flyball, 8LD)
Runner from 2nd tags up, SAFE at 3rd, no throw
Batting: RHB Pedro Rivera 0-0: Foul Ball, location: 2F
0-1: Ball
Wild Pitch!
Arturo Maldonado scores
1-1: Ball
2-1: Called Strike
2-2: Ball
3-2: SINGLE (Line Drive, 6D)
Pitching: RHP Chin Cho
Batting: RHB John Schnatter 0-0: Called Strike
0-1: Ball
1-1: Grounds into double play, 6-4-3 (Groundball, 6)
Bottom of the 6th over - 1 run(s), 2 hit(s), 0 error(s), 0 left on base; San Antonio 4 - Atlantic City 5
TOP OF THE 7TH
San Antonio BC batting - Pitching for Atlantic City Sonics : RHP Tony Newell
Batting: RHB Jesús Villalba 0-0: Called Strike
0-1: Ball
1-1: Called Strike
1-2: Ground out 4-3 (Groundball, 4)
Batting: RHB Alfredo Mojica 0-0: Called Strike
0-1: Ball
1-1: Foul Ball, location: 2F
1-2: Ball
2-2: Ball
3-2: Foul Ball, location: 2F
3-2: Fly out, F6 (Popup, 6)
Batting: RHB Ludovico Trezza 0-0: Ball
1-0: Swinging Strike
1-1: Fly out, F8 (Flyball, 8LM)
Top of the 7th over - 0 run(s), 0 hit(s), 0 error(s), 0 left on base; San Antonio 4 - Atlantic City 5
BOTTOM OF THE 7TH
Atlantic City Sonics batting - Pitching for San Antonio BC : RHP Chin Cho
Batting: RHB Xavier Águila 0-0: Ball
1-0: Called Strike
1-1: Fly out, F9 (Line Drive, 9S)
Batting: LHB Salvador Avilés 0-0: Ball
1-0: Called Strike
1-1: Ball
2-1: Ground out 4-3 (Groundball, 4M)
Batting: RHB Brady Bess 0-0: Ball
1-0: Ball
2-0: Called Strike
2-1: Ball
3-1: Base on Balls
Pinch Hitting: RHB Arturo Rochel 0-0: Ball
1-0: Called Strike
1-1: Fly out, F9 (Flyball, 89D)
Bottom of the 7th over - 0 run(s), 0 hit(s), 0 error(s), 1 left on base; San Antonio 4 - Atlantic City 5
TOP OF THE 8TH
San Antonio BC batting - Pitching for Atlantic City Sonics : RHP Tony Newell
Now in RF: Kip Burks
Batting: RHB Alfonso Bocanegra 0-0: SINGLE (Groundball, 34D)
Batting: RHB Carlos Vega 0-0: Ball
1-0: Ball
Balk!
Alfonso Bocanegra to second
2-0: SINGLE (Flyball, 89S)
Alfonso Bocanegra to third
Batting: RHB Daniel Drake 0-0: Ball
1-0: Swinging Strike
1-1: SINGLE (Line Drive, 7LS)
Alfonso Bocanegra scores
Carlos Vega to second
Batting: LHB Miguel García 0-0: Fly out, F5 (Popup, 7LSF)
Pinch Hitting: RHB Jake Castle 0-0: Ball
1-0: Swinging Strike
1-1: Swinging Strike
1-2: Ground out 4-3 (Groundball, 4M)
Carlos Vega to third
Daniel Drake to second
Batting: RHB Rodney Hanna 0-0: Ball
1-0: SINGLE (Groundball, 4MD)
Carlos Vega scores
Daniel Drake to third
Runner from 3rd tries for Home, SAFE, throw made home
Rodney Hanna to second
Pitching: LHP David Sherratt
Batting: RHB Jesús Villalba 0-0: Called Strike
0-1: SINGLE (Line Drive, 8LS)
Rodney Hanna to third
Runner from 3rd tries for Home, SAFE, no throw or cutoff
Batting: RHB Alfredo Mojica 0-0: Ball
1-0: Ball
2-0: Called Strike
2-1: Ball
3-1: SINGLE (Line Drive, 89S)
Jesús Villalba to second
Batting: RHB Ludovico Trezza 0-0: Ball
1-0: Foul Ball, location: 2F
1-1: Called Strike
1-2: Strikes out looking
Top of the 8th over - 4 run(s), 6 hit(s), 0 error(s), 2 left on base; San Antonio 8 - Atlantic City 5
BOTTOM OF THE 8TH
Atlantic City Sonics batting - Pitching for San Antonio BC : RHP Chin Cho
Now at C: Miguel Vásquez
Now at 2B: Franklin Gestel
Batting: RHB Bob Ethridge 0-0: Swinging Strike
0-1: Ball
1-1: Called Strike
1-2: Foul Ball, location: 2F
1-2: Strikes out swinging
Batting: RHB Arturo Maldonado 0-0: Foul Ball, location: 2F
0-1: Ball
1-1: Foul Ball, location: 2F
1-2: Foul Ball, location: 2F
1-2: Strikes out looking
Batting: LHB José Cordero 0-0: Fly out, F8 (Flyball, 8LM)
Bottom of the 8th over - 0 run(s), 0 hit(s), 0 error(s), 0 left on base; San Antonio 8 - Atlantic City 5
TOP OF THE 9TH
San Antonio BC batting - Pitching for Atlantic City Sonics : LHP David Sherratt
Batting: RHB Alfonso Bocanegra 0-0: Ball
1-0: Ball
2-0: Called Strike
2-1: SINGLE (Groundball, 56D)
Batting: RHB Miguel Vásquez 0-0: Grounds into double play, 4-6-3 (Groundball, 34)
Batting: RHB Daniel Drake 0-0: Foul Ball, location: 2F
0-1: Ball
1-1: Foul Ball, location: 2F
1-2: Strikes out swinging
Top of the 9th over - 0 run(s), 1 hit(s), 0 error(s), 0 left on base; San Antonio 8 - Atlantic City 5
BOTTOM OF THE 9TH
Atlantic City Sonics batting - Pitching for San Antonio BC : RHP Chin Cho
Pitching: LHP Stanton Miranda
Batting: RHB Pedro Rivera 0-0: Called Strike
0-1: Swinging Strike
0-2: Ball
1-2: Ball
2-2: Ball
3-2: Base on Balls
Batting: RHB John Schnatter 0-0: Ball
1-0: SINGLE (Groundball, 5D)
Pedro Rivera to second
Batting: RHB Xavier Águila 0-0: Ball
1-0: Ball
2-0: Swinging Strike
2-1: Called Strike
2-2: Foul Ball, location: 2F
2-2: Grounds into double play, 6-4-3 (Groundball, 6)
Pedro Rivera to third
Batting: LHB Salvador Avilés 0-0: Ground out 1-3 (Groundball, 13)
Bottom of the 9th over - 0 run(s), 1 hit(s), 0 error(s), 1 left on base; San Antonio 8 - Atlantic City 5
This league is powered by Out of the Park Baseball, the baseball management simulation game for PC, Mac and Linux
Monday, October 3rd, 2016 - OOTP Baseball 16.9 Build 39